 Dungeon Crawl Stone Soup version 0.29.1-12-g30fa7ad0bf (webtiles) character file.

Game seed: 466327236008694202

62 wormed the Firebug (level 3, -1/26 HPs)
             Began as a Demonspawn Fire Elementalist on Dec 22, 2022.
             Slain by Terence
             ... wielding a +0 falchion
              (9 damage)
             ... on level 2 of the Dungeon.
             The game lasted 00:09:21 (2741 turns).

wormed the Firebug (Demonspawn Fire Elementalist)   Turns: 2741, Time: 00:09:22

Health: -1/26      AC:  2    Str:  8    XL:     3   Next: 85%
Magic:  1/6        EV: 12    Int: 18    God:
Gold:   62         SH:  0    Dex: 13    Spells: 3/6 levels left

rFire   . . .      SeeInvis .   e - +9 quarterstaff of Exquisite Torment {protect, Will+}
rCold   . . .      Faith    .   (shield currently unavailable)
rNeg    . . .      Spirit   .   a - +0 robe
rPois   .          Reflect  .   (no helmet)
rElec   .          Harm     .   (no cloak)
rCorr   .          Rampage  .   (no gloves)
Will    +....                   (no boots)
Stlth   ++........              (no amulet)
HPRegen 0.08/turn               (no ring)
MPRegen 0.10/turn               (no ring)

@: no status effects
A: hooves 1, demonic guardian 1
a: no special abilities


You were on level 2 of the Dungeon.
You visited 1 branch of the dungeon, and saw 3 of its levels.

You collected 62 gold pieces.

Inventory:

Hand Weapons
 e - the +9 quarterstaff of Exquisite Torment (weapon) {protect, Will+}
   (You found it on level 2 of the Dungeon)

   It grants its wielder temporary protection when it strikes (+7 to AC).
   Will:      It increases your willpower.
Armour
 a - a +0 robe (worn)
 h - a +1 ring mail of fire resistance
Jewellery
 d - a ring of ice
Scrolls
 b - a scroll of fear {unknown}
 c - 3 scrolls of identify
 f - 3 scrolls of fog {unknown}
 g - a scroll of enchant weapon {unknown}
 i - a scroll of vulnerability {unknown}


   Skills:
 + Level 1.1 Fighting
 + Level 0.7 Armour
 + Level 2.1 Dodging
 - Level 1.7 Stealth
 + Level 2.2 Spellcasting
 * Level 2.0 Conjurations
 * Level 3.1 Fire Magic


You had 3 spell levels left.
You knew the following spells:

 Your Spells              Type           Power      Damage    Failure   Level
a - Foxfire               Conj/Fire      44%        2x1d6     6%          1
b - Scorch                Fire           26%        2d6       7%          2

Your spell library contained the following spells:

 Spells                   Type           Power      Damage    Failure   Level
 Conjure Flame            Conj/Fire      11%        6-21      19%         3
 Blink                    Tloc           4%         N/A       26%         2
 Inner Flame              Hex/Fire       7%         N/A       28%         3
 Flame Wave               Conj/Fire      11%        2d6       52%         4
 Manifold Assault         Tloc           2%         N/A       99%         5
 Storm Form               Tmut/Air       1%         N/A       100%        7


Dungeon Overview and Level Annotations

Branches:
Dungeon (3/15)

Altars:

Annotations:
D:2 Terence


Innate Abilities, Weirdness & Mutations

You have large cloven feet.
A weak demonic guardian rushes to your aid.


Message History

You climb upwards.
There is a stone staircase leading down here.
Casting: Foxfire (safe; 6% risk of failure)
Press: ? - help, Q - select action, (/) - cycle Dir - look around, f - activate You conjure some foxfire!
Terence closely misses you.
The foxfire hits Terence but does no damage.
Terence is lightly wounded.
The foxfire hits Terence.
Terence is moderately wounded.
Terence hits you with a +0 falchion.
Casting: Foxfire (safe; 6% risk of failure)
Press: ? - help, Q - select action, (/) - cycle Dir - look around, f - activate You conjure some foxfire!
Terence misses you.
The foxfire hits Terence but does no damage.
Terence is lightly wounded.
The foxfire hits Terence but does no damage.
Terence is lightly wounded.
Terence barely misses you.
Casting: Foxfire (safe; 6% risk of failure)
Press: ? - help, Q - select action, (/) - cycle Dir - look around, f - activate You conjure some foxfire!
Terence hits you with a +0 falchion.
The foxfire hits Terence but does no damage.
Terence is lightly wounded.
The foxfire hits Terence.
Terence is heavily wounded.
Terence hits you with a +0 falchion!
A demonic guardian appears!
Casting: Foxfire (safe; 6% risk of failure)
Press: ? - help, Q - select action, (/) - cycle Dir - look around, f - activate You conjure some foxfire!
Terence hits you with a +0 falchion.
The foxfire hits Terence.
Terence is heavily wounded.
The foxfire hits Terence.
Terence is severely wounded.
Your iron imp hits Terence but does no damage.
Terence hits you with a +0 falchion!
You die...

##.#########.# #.. #.#
#.....#'## ### #.#
#.#......# ######## #.#
#.#......# #......' #.#
#.#......####.###### #.#
#.#....).##...# # #.#
#.#......##.### # #.#
#.#ยง........########
#.# #.#@................
#.# #.#.@5...##########.
#.# #.#.#.............'.
#.# #.#.###.###########.
#.# #.#.#...# #.
#.###...#.##############
#.......#............#
#######.############.#
#.### #.#


You could see Terence (ally target) and a friendly iron imp (summoned).

Vanquished Creatures
  An adder (D:2)
  A worm (D:2)
  3 bats (D:2)
  5 endoplasms
  A giant cockroach (D:2)
  4 goblins (D:2)
  5 hobgoblins
  4 jackals (D:2)
  6 quokkas
  4 ball pythons
  2 kobolds (D:1)
  5 rats
41 creatures vanquished.

Vanquished Creatures (collateral kills)
  A frilled lizard (D:2)
1 creature vanquished.

Vanquished Creatures (others)
  77 foxfires
77 creatures vanquished.

Grand Total: 119 creatures vanquished

Notes
Turn   | Place    | Note
-------+----------+-------------------------------------------
     0 | D:1      | wormed the Demonspawn Fire Elementalist began the quest for
                  | the Orb.
     0 | D:1      | Reached XP level 1. HP: 13/13 MP: 3/3
   266 | D:1      | Gained mutation: A weak demonic guardian rushes to your
                  | aid. [demonic ancestry]
   266 | D:1      | Reached XP level 2. HP: 19/19 MP: 3/5
   417 | D:1      | Noticed a golden eye
   422 | D:1      | Noticed a great orb of eyes
   424 | D:1      | Found a faded altar of an unknown god.
   426 | D:1      | Noticed a floating eye
   426 | D:1      | Noticed a great orb of eyes
   709 | D:1      | Learned a level 2 spell: Scorch
  1224 | D:2      | Reached skill level 3 in Fire Magic
  1339 | D:2      | Gained mutation: You have large cloven feet. [demonic
                  | ancestry]
  1339 | D:2      | Reached XP level 3. HP: 25/25 MP: 1/6
  2291 | D:2      | Identified the +9 quarterstaff of Exquisite Torment
                  | {protect, Will+}
  2424 | D:2      | Reached skill level 1 in Fighting
  2725 | D:3      | Noticed Terence
  2741 | D:2      | Slain by Terence

Illustrated notes

Levels and vault maps discovered:
D:1:      wander_arrival_lonely_grave, layout_basic,
          hellmonk_ecumenical_altar_watching_god
D:2:      layout_basic, minmay_quantized
D:3:      layout_basic, tgw_sif, uniq_terence

Skill      XL: |  1  2  3 |
---------------+----------+-----
Dodging        | 2 |  2.1
Fire Magic     | 3 |  3.1
Conjurations   | 2 |  2.0
Fighting       | 1 |  1.1
Armour         | |  0.7
Stealth        | |  1.7
Spellcasting   | |  2.2

Action                   || total
-------------------------++-------
Melee: Unarmed           ||     8
 Cast: Foxfire           ||    43
       Scorch            ||    22
  Use: Potion            ||     5
       Scroll            ||     2
Armor: Robe              ||     8
       Skin              ||     5
Dodge: Dodged            ||    66
